 Dungeon Crawl Stone Soup version 0.31.0-7-gf635a9b802 (webtiles) character file.

Game seed: 13691448439540890147

1657893 Xpym the Corpseflower (level 27, 151/151 HPs)
             Began as a Vine Stalker Necromancer on Jan 23, 2024.
             Was a High Priest of Kikubaaqudgha.
             Escaped with the Orb
             ... and 3 runes!
             The game lasted 09:49:07 (69192 turns).

Xpym the Corpseflower (Vine Stalker Necromancer)   Turns: 69192, Time: 09:49:08

Health: 151/151    AC: 22    Str: 21 (23) XL:     27
Magic:  45/45      EV: 17    Int: 26      God:    Kikubaaqudgha [*****.]
Gold:   3714       SH:  0    Dex: 25      Spells: 1/61 levels left

rFire   + + .        a - +6 hand axe of Soft Reinforcement {elec, rElec Str+5 Dex+2}
rCold   + + .        X - orb {*channel}
rNeg    . . .        r - +5 ring mail {rF+}
rPois   +            V - +2 hat of Ukicef {rPois Will+++ Dex-5 Stlth-}
rElec   +            f - +2 cloak
rCorr   .            z - +2 pair of gloves
SInv    .            F - +1 pair of boots of Gozag's Favour {Int+4 Dex+3 Stlth+}
Will    +++++        W - amulet of magic regeneration
Stlth   +            C - ring of protection from cold
HPRegen 1.25/turn    D - ring of Tipo Enaj {rF+ Str+6 Dex+4}
MPRegen 0.69/turn

%: guardian spirit, channel magic (20%)
@: studying Invocations
A: fangs 3, regeneration 1, magic shield, antimagic bite, no potion heal 2,
antennae 1, agile 1, cold resistance 1, deterioration 1, dopey 1, MP-powered
wands
0: Orb of Zot
}: 3/15 runes: decaying, serpentine, silver
a: Renounce Religion, Unearth Wretches, Torment


You escaped.
You worshipped Kikubaaqudgha.
Kikubaaqudgha was extremely pleased with you.
You visited 10 branches of the dungeon, and saw 48 of its levels.
You also visited: Ice Cave.

You collected 7852 gold pieces.
You spent 4138 gold pieces at shops.


Innate Abilities, Weirdness & Mutations

You have razor-sharp teeth.
Your natural rate of healing is unusually fast.
When hurt, damage is shared between your health and your magic reserves.
Your bite disrupts and absorbs the magic of your enemies.
Potions cannot restore your health.
You have a pair of small antennae on your head.
You are agile. (Dex +4, Str/Int -1)
Your flesh is cold resistant. (rC+)
Your body sometimes deteriorates upon taking damage.
You are dopey. (Int -2)
You expend magic power (3 MP) to strengthen your wands.


   Skills:
 + Level 17.7 Fighting
 - Level 1.4(4.3) Short Blades
 - Level 6.4(6.5) Long Blades
 + Level 13.1 Maces & Flails
 - Level 3.6 Polearms
 - Level 8.0 Armour
 - Level 8.0 Dodging
 - Level 5.0 Stealth
 - Level 5.0 Shields
 - Level 17.5 Spellcasting
 - Level 5.0 Hexes
 - Level 18.0 Summonings
 O Level 27 Necromancy
 - Level 6.0 Translocations
 - Level 5.0 Air Magic
 - Level 12.1 Earth Magic
 - Level 3.0 Evocations


You had one spell level left.
You knew the following spells:

 Your Spells              Type           Power      Damage    Failure   Level
a - Animate Dead          Necr           100%       N/A       1%          4
b - Borgnjor's Vile Clut  Necr/Erth      45%        N/A       1%          5
d - Infestation           Necr           52%        N/A       2%          8
e - Passwall              Erth           72%        N/A       1%          3
h - Haunt                 Necr/Summ      48%        N/A       2%          7
i - Swiftness             Air            48%        N/A       6%          3
n - Dispel Undead         Necr           100%       3d31      1%          4
p - Apportation           Tloc           100%       N/A       2%          1
B - Blink                 Tloc           100%       N/A       3%          2
D - Death's Door          Necr           52%        N/A       14%         9
R - Borgnjor's Revivific  Necr           52%        N/A       2%          8
X - Necrotise             Necr           100%       1d9       1%          1
Y - Kiss of Death         Conj/Necr      100%       2d13      1%          1
Z - Martyr's Knell        Necr/Summ      96%        N/A       1%          4

Your spell library contained the following spells:

 Spells                   Type           Power      Damage    Failure   Level
 Sandblast                Erth           100%       2d20      1%          1
 Summon Small Mammal      Summ           100%       N/A       1%          1
 Slow                     Hex            100%       N/A       3%          1
 Shock                    Conj/Air       100%       1d9       5%          1
 Sting                    Conj/Alch      88%        1d8       11%         1
 Cigotuvi's Dreadful Rot  Necr/Alch/Air  100%       N/A       1%          2
 Sublimation of Blood     Necr           100%       N/A       1%          2
 Call Canine Familiar     Summ           86%        N/A       1%          3
 Fugue of the Fallen      Necr           100%       N/A       1%          3
 Vampiric Draining        Necr           100%       2d13      1%          3
 Anguish                  Hex/Necr       41%        N/A       1%          4
 Animate Armour           Summ/Erth      100%       N/A       1%          4
 Curse of Agony           Necr           100%       N/A       1%          5
 Death Channel            Necr           52%        N/A       1%          6
 Summon Lightning Spire   Summ/Air       70%        N/A       2%          4
 Summon Cactus Giant      Summ           43%        N/A       2%          6
 Lesser Beckoning         Tloc           100%       N/A       3%          2
 Jinxbite                 Hex            96%        N/A       4%          2
 Stone Arrow              Conj/Erth      100%       3d13      4%          3
 Teleport Other           Tloc           52%        N/A       4%          3
 Summon Blazeheart Golem  Fire/Summ      62%        N/A       4%          4
 Lee's Rapid Deconstruct  Erth           36%        3d18*     4%          5
 Summon Forest            Summ/Tloc      35%        N/A       4%          5
 Summon Mana Viper        Hex/Summ       70%        N/A       4%          5
 Momentum Strike          Conj/Tloc      76%        3d10      6%          2
 Confusing Touch          Hex            48%        N/A       6%          3
 Sigil of Binding         Hex            48%        N/A       6%          3
 Tukima's Dance           Hex            48%        N/A       6%          3
 Summon Hydra             Summ           43%        N/A       7%          7
 Ensorcelled Hibernation  Hex/Ice        70%        N/A       8%          2
 Mercury Vapours          Alch/Air       70%        N/A       8%          2
 Static Discharge         Conj/Air       70%        3-6/arc   8%          2
 Volatile Blastmotes      Fire/Tloc      76%        2d16      10%         3
 Brom's Barrelling Bould  Conj/Erth      53%        2d7       10%         4
 Leda's Liquefaction      Alch/Erth      26%        N/A       10%         4
 Manifold Assault         Tloc           52%        N/A       10%         4
 Passage of Golubria      Tloc           52%        N/A       10%         4
 Petrify                  Alch/Erth      53%        N/A       10%         4
 Dimensional Bullseye     Hex/Tloc       25%        N/A       11%         4
 Inner Flame              Hex/Fire       35%        N/A       12%         3
 Airstrike                Air            24%        2d(4-20)  13%         4
 Cause Fear               Hex            24%        N/A       13%         4
 Scorch                   Fire           44%        2d6       14%         2
 Mephitic Cloud           Conj/Alch/Air  31%        N/A       14%         3
 Ozocubu's Armour         Ice            22%        N/A       24%         3
 Iskenderun's Mystic Bla  Conj/Tloc      38%        2d9       24%         4
 Silence                  Hex/Air        24%        N/A       28%         5
 Flame Wave               Conj/Fire      22%        2d8       54%         4
 Fulminant Prism          Conj/Alch      11%        3d8       54%         4
 Ignite Poison            Fire/Alch      22%        N/A       54%         4
 Olgreb's Toxic Radiance  Alch           22%        N/A       54%         4
 Sticky Flame             Fire/Alch      22%        2d6       54%         4
 Yara's Violent Unravell  Hex/Alch       17%        3d8       54%         5
 Bombard                  Conj/Erth      26%        9d5       61%         6
 Dispersal                Tloc           26%        N/A       61%         6
 Freezing Cloud           Conj/Ice/Air   15%        6-21      63%         5
 Spellforged Servitor     Conj/Summ      31%        N/A       77%         7
 Alistair's Intoxication  Alch           14%        N/A       83%         5
 Fireball                 Conj/Fire      11%        3d7       83%         5
 Irradiate                Conj/Alch      11%        3d15      83%         5
 Conjure Ball Lightning   Conj/Air       17%        3x3d6     96%         6
 Dragon's Call            Summ           43%        N/A       97%         9
 Enfeeble                 Hex            24%        N/A       99%         7
 Eringya's Noxious Bog    Alch           11%        4d6       100%        6
 Orb of Destruction       Conj           11%        9d6       100%        7
 Ozocubu's Refrigeration  Ice            11%        4d9       100%        7
 Discord                  Hex            24%        N/A       100%        8
 Disjunction              Tloc           26%        N/A       100%        8
 Ignition                 Fire           11%        3d5       100%        8
 Maxwell's Capacitive Co  Air            24%        ∞         100%        8
 Chain Lightning          Conj/Air       17%        3d23      100%        9

Inventory:

Hand Weapons
 a - the +6 hand axe of Soft Reinforcement (weapon) {elec, rElec Str+5 Dex+2}
   (You took it off a salamander on level 4 of the Snake Pit)

   Str+5:     It affects your strength (+5).
   Dex+2:     It affects your dexterity (+2).
   rElec:     It insulates you from electricity.
 b - the +7 sceptre of Torment {pain, torment}
   (You found it on level 3 of the Depths)
 q - the +3 mace "Dumai" {drain, rF+ rCorr SInv}
   (You bought it in a shop on level 1 of the Snake Pit)

   rF+:       It protects you from fire.
   SInv:      It lets you see invisible.
   rCorr:     It protects you from acid and corrosion.
Missiles
 i - a throwing net {=f}
 P - 5 curare-tipped darts (quivered) {@f1 =f}
Armour
 f - a +2 cloak (worn)
 r - a +5 ring mail of fire resistance (worn)
 z - a +2 pair of gloves (worn)
 F - the +1 pair of boots of Gozag's Favour (worn) {Int+4 Dex+3 Stlth+}
   (You found it on level 4 of the Vaults)

   Int+4:     It affects your intelligence (+4).
   Dex+3:     It affects your dexterity (+3).
   Stlth+:    It makes you more stealthy.
 V - the +2 hat of Ukicef (worn) {rPois Will+++ Dex-5 Stlth-}
   (You found it on level 4 of the Vaults)

   Dex-5:     It affects your dexterity (-5).
   rPois:     It protects you from poison Will+++: It greatly increases your
   willpower.
   Stlth-:    It makes you less stealthy.
 X - an orb of energy (worn)
Magical Staves
 w - a staff of death
Jewellery
 C - a ring of protection from cold (left hand)
 D - the ring of Tipo Enaj (right hand) {rF+ Str+6 Dex+4}
   (You found it on level 14 of the Dungeon)

   [ring of strength]

   Str+6:     It affects your strength (+6).
   Dex+4:     It affects your dexterity (+4).
   rF+:       It protects you from fire.
 L - a ring of flight
 M - the ring "Quosanid" {rN+ MP+9}
   (You took it off a deep elf annihilator on level 3 of the Elven Halls)

   [ring of magical power]

   rN+:       It protects you from negative energy.
   MP+9:      It affects your magic capacity (+9).
 R - a ring of resist corrosion
 W - an amulet of magic regeneration (around neck)
 Z - a ring of wizardry
Wands
 t - a wand of digging (27)
 J - a wand of iceblast (64)
 Y - a wand of acid (20)
Scrolls
 d - 11 scrolls of enchant weapon
 k - 5 scrolls of fear
 l - 6 scrolls of fog
 o - 10 scrolls of vulnerability
 u - 2 scrolls of torment
 E - a scroll of summoning
 H - 2 scrolls of blinking
 I - 5 scrolls of immolation
 N - 7 scrolls of noise
 T - 17 scrolls of teleportation {@r2}
 U - 5 scrolls of poison
Potions
 c - 14 potions of curing {@q1}
 h - 12 potions of ambrosia
 j - a potion of haste {@q3}
 m - 4 potions of cancellation
 n - 5 potions of might
 p - a potion of invisibility
 s - 4 potions of brilliance
 v - 4 potions of lignification
 x - 6 potions of attraction
 B - 3 potions of mutation
 G - 2 potions of berserk rage {!q}
 K - a potion of resistance
 Q - 13 potions of enlightenment
 S - 2 potions of magic
Miscellaneous
 e - a lightning rod (4/4)
 y - a phial of floods
 A - a box of beasts
 O - a tin of tremorstones (2/2)

Dungeon Overview and Level Annotations

Branches:
Dungeon (15/15)            Temple (1/1) D:6            Lair (5/5) D:9
  Swamp (4/4) Lair:2        Snake (4/4) Lair:2        Slime (0/5) Lair:4
    Orc (2/2) D:9             Elf (3/3) Orc:2        Vaults (5/5) D:14
  Crypt (0/3) Vaults:3     Depths (4/4) D:15            Zot (5/5) Depths:4
  IceCv (visited)

Altars:
Ashenzari
Cheibriados
Dithmenos
Elyvilon
Fedhas
Gozag
Hepliaklqana
Kikubaaqudgha
Makhleb
Nemelex Xobeh
Okawaru
Qazlal
Ru
Sif Muna
Trog
Uskayaw
Vehumet
Wu Jian
Xom
Yredelemnul
Zin
The Shining One
Jiyva

Shops:
D:4 :=!(   D:10 :   D:13 [=*(   Orc:1 [   Orc:2 [?*?   Elf:2 *(   Elf:3 (
Snake:1 =**((   Snake:3 (   Vaults:2 !   Vaults:3 [=   Vaults:4 (   Depths:2 ?*

Portals:
Hell: Depths:1 Depths:2 Depths:3 Depths:4
Abyss: Depths:3
Pandemonium: Depths:1 Depths:2
Ziggurat: Depths:2
Trove: Depths:4 (give 7 potions of haste)

Annotations:
D:6 2 transporters
Temple 2 transporters
Snake:3 2 transporters

#.#######.#..~≈~≈≈≈≈≈≈≈≈≈≈≈
#.# #......~~≈≈≈≈≈≈≈≈≈⚑ #.#
#.......~~≈≈≈≈≈≈≈≈≈ #.#
##...#..~≈≈≈≈≈≈≈≈≈≈ #.#
##.##...~≈≈≈≈≈≈≈≈≈ #.#
#.#....≈~≈≈≈≈≈≈≈≈≈ #.#
#.#.....≈≈≈≈≈≈≈≈≈≈# #.#
##+#..▒▒.~~≈≈≈≈≈≈≈≈# #.#
##.....@▒..~≈≈≈≈≈≈≈≈# #.#
##...........≈~~≈≈≈≈≈# ##.##
##.......#......~~~~≈≈#
#.).####....................~#
..)....'..................#..#
#...####>........####........#
##.## ##.......## ##.#..#.##
#...# ##.....## #.#.##.#
#...### ##...## #.#.##.#


There were no monsters in sight!


Message History

There is a stone staircase leading up here.
You climb upwards.
There is a stone staircase leading down here.
There is a stone staircase leading up here.
You climb upwards.
Level annotation: 2 transporters
There is a stone staircase leading down here.
Things that are here:
a +0 robe; a +1 dagger of protection
There is a stone staircase leading up, spattered with blood here.
You climb upwards.
There is a stone staircase leading down here.
There is a stone staircase leading up here.
You climb upwards.
There is a stone staircase leading down here.
There is an escape hatch in the ceiling here.
A mysterious force pulls you upwards. The hatch slams shut behind you.
There is a stone staircase leading up here.
You climb upwards.
There is a stone staircase leading down here.
There is a stone staircase leading up here.
You climb upwards.
There is a stone staircase leading down here.
You open the door.
There is an open door here.
You see here a +0 dagger.
There is an open door here.
There is a staircase leading out of the dungeon here.
Health restored: 151; MP restored: 45 You have escaped!

Skill      XL: |  1  2  3  4  5  6  7  8  9 10 11 12 13 14 15 16 17 18 19 20 21 22 23 24 25 26 27 |
---------------+----------------------------------------------------------------------------------+-----
Short Blades   | 1 |  1.4
Spellcasting   | 3 4 6 8 9 11 13 15 16 17 | 17.5
Necromancy     | 5 7 9 10 11 12 13 14 16 18 19 20 22 23 24 25 26 27 | 27.0
Long Blades    | 1 3 5 6 |  6.4
Stealth        | 3 4 5 |  5.0
Fighting       | 2 3 5 6 7 9 10 13 15 16 17 | 17.7
Armour         | 1 3 5 6 7 8 |  8.0
Earth Magic    | 1 2 9 11 12 | 12.1
Shields        | 4 5 |  5.0
Translocations | 2 4 5 6 |  6.0
Polearms       | 3 |  3.6
Evocations     | 1 2 3 |  3.0
Dodging        | 2 3 5 6 8 |  8.0
Hexes          | 1 3 5 |  5.0
Summonings     | 1 3 5 11 14 16 17 18 | 18.0
Air Magic      | 4 5 |  5.0
Maces & Flails | 5 9 11 13 | 13.1

Action                     |  1- 3 |  4- 6 |  7- 9 | 10-12 | 13-15 | 16-18 | 19-21 | 22-24 | 25-27 || total
---------------------------+-------+-------+-------+-------+-------+-------+-------+-------+-------++-------
  Melee: Dagger            |     1 |       |       |       |       |       |    18 |    20 |       ||    39
         Long sword        |       |    22 |    20 |   153 |   317 |   123 |    54 |       |       ||   689
         Bite              |       |     6 |     5 |    56 |   127 |    70 |    47 |    44 |    62 ||   417
         Trident           |       |     2 |    10 |    54 |     2 |    47 |    17 |       |       ||   132
         Staff             |       |       |       |       |       |     4 |       |     1 |     5 ||    10
         Hand axe          |       |       |       |       |       |     6 |       |    28 |    30 ||    64
         Eveningstar       |       |       |       |       |       |       |       |    20 |    87 ||   107
   Fire: Sling             |       |       |    13 |    91 |    18 |     7 |       |       |       ||   129
         Orcbow            |       |       |    20 |       |       |       |       |       |       ||    20
         Shortbow          |       |       |    16 |       |       |       |       |       |       ||    16
  Throw: Dart              |       |       |       |       |       |     7 |       |       |     2 ||     9
   Cast: Necrotise         |    38 |   149 |   174 |   134 |       |       |       |       |       ||   495
         Animate Dead      |       |     5 |    14 |    13 |    20 |    36 |    31 |    28 |    29 ||   176
         Vampiric Draining |       |     3 |    13 |     5 |       |       |       |       |       ||    21
         Curse of Agony    |       |       |       |     2 |       |       |       |       |       ||     2
         Kiss of Death     |       |       |       |     1 |       |       |       |       |       ||     1
         Borgnjor's Vile C |       |       |       |    37 |   281 |   355 |   397 |   414 |   296 ||  1780
         Martyr's Knell    |       |       |       |       |    20 |    24 |     8 |     5 |       ||    57
         Blink             |       |       |       |       |     1 |     7 |     6 |     2 |     7 ||    23
         Anguish           |       |       |       |       |    16 |    13 |     3 |     2 |       ||    34
         Dispel Undead     |       |       |       |       |    13 |    50 |    11 |     8 |    19 ||   101
         Haunt             |       |       |       |       |       |   114 |   243 |   300 |   289 ||   946
         Apportation       |       |       |       |       |       |       |     4 |       |     1 ||     5
         Infestation       |       |       |       |       |       |       |    11 |    14 |     4 ||    29
         Swiftness         |       |       |       |       |       |       |     1 |     2 |     5 ||     8
 Invoke: Unearth Wretches  |       |       |       |     2 |     1 |     9 |     3 |     5 |     9 ||    29
         Torment           |       |       |       |       |     2 |     1 |       |       |       ||     3
  Evoke: Wand              |       |       |       |     1 |     5 |     2 |     1 |     2 |     3 ||    14
    Use: Potion            |       |     2 |     4 |       |     2 |     3 |     1 |     5 |     8 ||    25
         Scroll            |       |       |     8 |    10 |     9 |     3 |     7 |    16 |    13 ||    66
   Stab: Distracted        |       |       |       |     5 |     5 |     6 |     4 |     1 |     7 ||    28
         Sleeping          |       |       |       |       |     1 |       |       |       |       ||     1
         Paralysed         |       |       |       |       |       |     2 |       |       |       ||     2
         Petrified         |       |       |       |       |       |     5 |       |       |       ||     5
 Armour: Robe              |     4 |    47 |    56 |       |       |       |       |       |       ||   107
         Steam dragon scal |       |       |    21 |   155 |       |       |       |       |       ||   176
         Skin              |       |       |    12 |       |       |       |       |       |       ||    12
         Ring mail         |       |       |       |    40 |   236 |   281 |   195 |   266 |   437 ||  1455
         Leather armour    |       |       |       |       |    21 |       |       |       |       ||    21
  Dodge: Dodged            |     5 |    58 |    68 |   137 |   157 |   160 |    75 |   162 |   203 ||  1025
  Block: Buckler           |       |       |       |    59 |    84 |    62 |    13 |       |       ||   218

Levels and vault maps discovered:
D:1:      dpeg_arrival_water_altar, layout_loops_corners
D:2:      layout_basic, dreamdust_ecumenical_altar_angels_and_demons,
          nicolae_half_adder, uniq_jessica
D:3:      layout_loops_ring, nicolae_ru_awakened_eye, nrook_mini_backslash,
          uniq_crazy_yiuf_cottage
D:4:      layout_cave_pools, serial_shops, shop_statue,
          nicolae_shop_bloodbath_and_beyond,
          nicolae_shop_temple_entry_statues_fountains, shop,
          kennysheep_cross_room, uniq_pikel
D:5:      layout_loops_ring, bloody_trog, evilmike_ruin_ashenzari,
          nicolae_gozag_cash_rules_everything_around_me, serial_rivers,
          chequers_serial_rivers_micro_e, chequers_serial_rivers_micro_d,
          chequers_serial_rivers_micro_b, chequers_serial_rivers_micro_a,
          chequers_serial_rivers_micro_c, kennysheep_generic_room_16,
          uniq_grinder
D:6:      gammafunk_wand_slinger, layout_basic, minmay_temple_entry_offerings,
          hex_intersection, uniq_blork_the_orc
D:7:      layout_layer_cave, lemuel_round_altar, nicolae_zig_zag_zippers
D:8:      layout_cave_pools, kennysheep_mini_moat, lemuel_crystal_altar,
          chequers_jeans
D:9:      layout_basic, nicolae_overflow_two_pavilions, dpeg_oklobed_lair,
          zombieorc2_lemuel, uniq_amaemon
D:10:     layout_roguey, serial_shops, shop
D:11:     layout_irregular_city
D:12:     layout_roguey, uniq_frances, uniq_josephine, uniq_fannar
D:13:     layout_big_octagon, serial_column_ruins, column_ruins_square_medium,
          column_ruins_grid_3, column_ruins_columns_corner,
          column_ruins_columns_corner, column_ruins_corridor_water,
          serial_shops, nicolae_shop_pleasant_corner_grove, shop_statue, shop,
          nicolae_lakefront_shop
D:14:     layout_cave_pools, skrybe_vaults_entry_preservation, uniq_agnes
D:15:     gammafunk_depths_entry_grave, layout_loops_ring,
          nicolae_wu_jian_wuxing_cycle, nicolae_underground_beach, uniq_azrael
Temple:   hellmonk_temple_divided_pantheon
Lair:1:   layout_cave_pods, lemuel_fruit_tree, grunt_megastairs_2
Lair:2:   cheibrodos_lair_river_kwai, layout_cellular_growth, swamp_mist,
          minmay_snake_entry_six_corridors, special_room [special_room_bee],
          chequers_serial_rivers_small_3, eino_house_with_fridge,
          serial_bayou_shore_a
Lair:3:   layout_cave_pods, nicolae_quartered_pool_little
Lair:4:   layout_cave_pods, nicolae_slime_entry_slimehenge, grunt_megastairs_5
Lair:5:   hangedman_lair_in_review, layout_misc_corridors,
          guppyfry_lair_end_dragon, portal_ice_cave_entry_ice_simulacra
Swamp:1:  layout_basic_swamp, hangedman_swamp_ruin_wall, lemuel_altar_in_water,
          nicolae_swamp_long_stream
Swamp:2:  layout_basic_swamp, hangedman_swamp_pad
Swamp:3:  layout_basic_swamp, serial_swamp_ruin, evilmike_swamp_ruin_house_1,
          evilmike_swamp_ruin_rubble_2
Swamp:4:  swamp_alternative, layout_basic_swamp, swamp_pool_1_2, ldierk_geyser,
          nicolae_swamp_tree_isthmus
Snake:1:  layout_misc_corridors, serial_shops, shop, minmay_shoptagon
Snake:2:  kennysheep_snake, layout_onion, nicolae_snake_mages_go_home,
          uniq_asterion
Snake:3:  gammafunk_its_a_trap, layout_gridlike, gammafunk_ghost_cemetery,
          nicolae_shop_firing_range
Snake:4:  grunt_snake_rune_serpentine_throne, layout_gridlike,
          serial_bayou_pond_e, drop_trap, nicolae_snake_boneroom, uniq_nikola
Orc:1:    layout_caves, serial_shops, shop_fountains, nicolae_orc_found_a_spring
Orc:2:    st_orc_pillars, layout_caves, mines2_lemuel
Elf:1:    nicolae_elf_arrival_fired_up, layout_loops_cross,
          hangedman_corner_corridor
Elf:2:    elven_hall_of_blades_hangedman_original
          [nicolae_blade_entry_diamond_columns], layout_rooms, basic_altar,
          serial_shops, shop, shop, uniq_jorgrun, uniq_donald, uniq_saint_roka
Elf:3:    minmay_elf_hall_spiked, layout_gridlike, minmay_shop_star
Vaults:1: nicolae_vaults_network_barrier, v_pattern_3, grunt_vaults_swirl,
          v_misc_28, ontoclasm_vaults_shuriken,
          nicolae_vaults_closet_pinwheel_3, nicolae_vaults_closet_pinwheel_1,
          vaults_room_stairs_pillars, layout_vaults_quadrants
Vaults:2: nicolae_vaults_trapezoid_3, nicolae_vaults_what_the_h,
          ontoclasm_vaults_pinch, nicolae_vaults_disjoint_gnomons,
          nicolae_vaults_theta, nicolae_vaults_sightless_eye,
          nicolae_vaults_apartment_1, nicolae_vaults_apartment_2, v_misc_26,
          v_alt_pattern_6, nicolae_vaults_back_hallway, nicolae_vaults_alarming,
          nicolae_vaults_trapezoid_2, vaults_room_hangedman_quadrants,
          layout_vaults_ring, serial_shops, nicolae_shop_crystal,
          uniq_bai_suzhen
Vaults:3: grunt_vaults_twisty, nicolae_vaults_big_ls,
          nicolae_vaults_offset_grid_hallway_1, grunt_vaults_trifunnel,
          v_alt_pattern_5, nicolae_vaults_antechamber_and_loot_room, v_misc_23,
          vaults_room_pool, minmay_crypt_entry_simple_round,
          nicolae_vaults_mini_display_case, hangedman_vaults_maws,
          layout_vaults_chaotic_city, serial_shops, nicolae_shop_gaudy_bauble,
          nicolae_shop_advertising_works [nicolae_subvault_shop_adworks]
Vaults:4: gammafunk_ghost_tricky_traps, vaults_standard_mumra_enter_the_diamond,
          ontoclasm_vaults_hangar, minmay_orc_keep,
          ontoclasm_vaults_decontamination, nicolae_vaults_sealed_display,
          nicolae_vaults_border_crossing, nicolae_vaults_trapezoid_lopsided_3,
          nicolae_vaults_little_squares_2,
          nicolae_vaults_taking_the_gang_shopping, layout_vaults_omnibox
Vaults:5
Depths:1: minmay_the_grid_square_5x5_4x4_mashed
          [minmay_the_grid_square_5x5_misaligned,
          minmay_the_grid_square_5x5_minimal, minmay_the_grid_square_5x5_comb,
          minmay_the_grid_square_5x5_shrine1,
          minmay_the_grid_square_5x5_inner_v,
          minmay_the_grid_square_5x5_prize_junk,
          minmay_the_grid_square_5x5_prize_snowflake,
          minmay_the_grid_square_5x5_gyroscope,
          minmay_the_grid_square_5x5_inner_z,
          minmay_the_grid_square_5x5_prize_itemx,
          minmay_the_grid_square_5x5_prize_deathbox,
          minmay_the_grid_square_5x5_forky, minmay_the_grid_square_5x5_meh,
          minmay_the_grid_square_5x5_eight, minmay_the_grid_square_5x5_two,
          minmay_the_grid_square_5x5_fancy_junction], layout_cave_pools,
          rand_demon_pan_entry_5, lightli_too_deep, minivault_14,
          chequers_serial_rivers_marsh, nicolae_figureground_sparkle
Depths:2: regret_index_nemelex_summoning_deck_glade, layout_gridlike,
          enter_ziggurat_b, hellmouth_1, serial_shops, nicolae_shop_trees,
          minmay_misc_feat_roman, grunt_pan_entry_zigzag,
          dreamdust_wishing_well, amcnicky_mini_corridor_feature,
          guppyfry_shop_earth, infiniplex_staircase_squiggle
Depths:3: minmay_guarded_unrand_sceptre_of_torment, layout_basic, hell_entry,
          minmay_door_square, hangedman_abyss_entry_splay,
          minmay_staircase_windowed_small
Depths:4: grunt_zot_entry_hairpin, layout_gridville, enter_trove_5,
          grunt_hell_entry_dis_mu
Zot:1:    layout_onion, regret_index_zotdec_decaying_basic, st_stairs_12,
          grunt_megastairs_3
Zot:2:    layout_cellular_growth
Zot:3:    layout_onion, grunt_megastairs_1
Zot:4:    layout_misc_corridors, hangedman_zot_decor_tridents
Zot:5:    layout_gridlike

Notes
Turn   | Place    | Note
-------+----------+-------------------------------------------
     0 | D:1      | Xpym the Vine Stalker Necromancer began the quest for the
                  | Orb.
     0 | D:1      | Reached XP level 1. HP: 9/9 MP: 4/4
   129 | D:1      | Reached XP level 2. HP: 13/13 MP: 0/6
   528 | D:1      | You fall into a shaft and drop 1 floor!
   550 | D:2      | Found a faded altar of an unknown god.
   753 | D:2      | Noticed Jessica
   758 | D:2      | Killed Jessica
   759 | D:2      | Reached skill level 1 in Short Blades
   759 | D:2      | Reached XP level 3. HP: 16/16 MP: 2/8
   842 | D:2      | Learned a level 3 spell: Vampiric Draining
   903 | D:2      | Reached XP level 4. HP: 21/21 MP: 5/9
   908 | D:2      | Learned a level 4 spell: Animate Dead
   958 | D:2      | Identified the +4 long sword "Hido Baes" {freeze, Will+
                  | Int+3 Dex-5}
  1154 | D:2      | Reached skill level 3 in Spellcasting
  1154 | D:2      | Reached skill level 5 in Necromancy
  1847 | D:1      | Found a shimmering blue altar of Sif Muna.
  2461 | D:3      | Found a sacrificial altar of Ru.
  2486 | D:3      | Reached XP level 5. HP: 24/24 MP: 4/10
  2651 | D:3      | Reached skill level 1 in Long Blades
  3020 | D:3      | Found a runed translucent door.
  3021 | D:3      | Noticed Crazy Yiuf
  3249 | D:4      | Noticed a lemure
  3250 | D:4      | Noticed a lemure
  3276 | D:4      | Found Navoar's Book Boutique.
  3284 | D:4      | Found Highaceo's Jewellery Boutique.
  3289 | D:4      | Reached skill level 3 in Stealth
  3310 | D:4      | Identified the amulet "Gikua" {Spirit SInv}
  3335 | D:4      | Reached XP level 6. HP: 28/28 MP: 10/12
  3373 | D:4      | Found Joely's Distillery.
  3463 | D:4      | Bought a potion of degeneration for 11 gold pieces
  3494 | D:4      | Noticed Pikel
  3537 | D:4      | Found Hyutada's Weapon Shop.
  3715 | D:4      | Reached skill level 6 in Necromancy
  4095 | D:5      | Entered Level 5 of the Dungeon
  4111 | D:5      | Found a broken altar of Ashenzari.
  4142 | D:5      | Reached skill level 2 in Long Blades
  4342 | D:4      | Killed Pikel
  4343 | D:4      | Reached skill level 3 in Long Blades
  4343 | D:4      | Reached skill level 4 in Stealth
  4343 | D:4      | Reached skill level 4 in Spellcasting
  4343 | D:4      | Reached skill level 7 in Necromancy
  4343 | D:4      | Reached XP level 7. HP: 32/32 MP: 2/14
  4349 | D:4      | Bought a ring of poison resistance for 260 gold pieces
  4361 | D:4      | Reached skill level 5 in Stealth
  4361 | D:4      | Gained mutation: You have razor-sharp teeth. [Vine Stalker
                  | growth]
  4361 | D:4      | Reached XP level 8. HP: 33/36 MP: 1/15
  4629 | D:5      | Noticed Grinder
  4709 | D:5      | Reached skill level 4 in Long Blades
  4712 | D:5      | Reached skill level 8 in Necromancy
  4862 | D:5      | Found a bloodstained altar of Trog.
  5040 | D:5      | Found an opulent altar of Gozag.
  5448 | D:6      | Noticed Blork the orc
  5559 | D:6      | Identified the +6 ring mail of the Stag {Str+3 Dex+2
                  | Slay+3}
  5599 | D:6      | Learned a level 5 spell: Curse of Agony
  5636 | D:6      | Found a transporter.
  5709 | D:6      | Reached skill level 9 in Necromancy
  5778 | D:6      | Reached skill level 5 in Long Blades
  5778 | D:6      | Reached XP level 9. HP: 39/39 MP: 13/16
  5889 | D:6      | Killed Blork the orc
  5909 | D:6      | Noticed a kobold demonologist
  5920 | D:6      | Noticed a kobold demonologist
  5926 | D:6      | Found a transporter.
  5968 | D:6      | Found a staircase to the Ecumenical Temple.
  5990 | Temple   | Found a transporter.
  5990 | Temple   | Found a transporter.
  5990 | Temple   | Found a transporter.
  5990 | Temple   | Found a transporter.
  5990 | Temple   | Entered the Ecumenical Temple
  6003 | Temple   | Became a worshipper of Kikubaaqudgha
  6715 | D:7      | Reached skill level 10 in Necromancy
  7115 | D:7      | Reached skill level 1 in Fighting
  7173 | D:7      | Reached skill level 6 in Long Blades
  7173 | D:7      | Reached skill level 1 in Armour
  7577 | D:7      | Found an ornate altar of the Wu Jian Council.
  7923 | D:8      | Noticed a hornet
  8045 | D:8      | Found a shimmering altar of Xom.
  8209 | D:8      | Reached skill level 2 in Fighting
  8209 | D:8      | Reached skill level 1 in Earth Magic
  8209 | D:8      | Reached XP level 10. HP: 46/46 MP: 6/17
  8346 | D:8      | Reached skill level 1 in Shields
  8452 | D:9      | Reached * piety under Kikubaaqudgha
  8452 | D:9      | Received a gift from Kikubaaqudgha
  8455 | D:9      | Learned a level 1 spell: Kiss of Death
  8458 | D:9      | Learned a level 2 spell: Blink
  8480 | D:9      | Found a staircase to the Lair.
  8508 | D:9      | Noticed an orange demon
  8509 | D:9      | Noticed Amaemon
  8664 | D:9      | Reached skill level 2 in Armour
  8759 | D:9      | Reached skill level 2 in Shields
  8774 | D:9      | Reached skill level 1 in Translocations
  9019 | D:9      | Reached skill level 11 in Necromancy
  9060 | D:9      | Reached ** piety under Kikubaaqudgha
  9079 | D:9      | Noticed a catoblepas
  9096 | D:9      | Found a staircase to the Orcish Mines.
  9112 | Lair:1   | Entered Level 1 of the Lair of Beasts
  9126 | Lair:1   | Noticed a cane toad
  9157 | Lair:1   | Noticed a cane toad
  9175 | Lair:1   | Killed a cane toad
  9176 | Lair:1   | Reached skill level 2 in Earth Magic
  9275 | Lair:1   | Reached skill level 3 in Shields
  9289 | Lair:1   | Reached skill level 3 in Fighting
  9290 | Lair:1   | Reached skill level 2 in Translocations
  9297 | Lair:1   | Reached skill level 3 in Armour
  9300 | Lair:1   | Reached skill level 4 in Shields
  9307 | Lair:1   | Reached XP level 11. HP: 43/53 MP: 7/19
  9332 | Lair:1   | Noticed a catoblepas
  9343 | Lair:1   | Killed a catoblepas
  9344 | Lair:1   | Reached skill level 5 in Spellcasting
  9344 | Lair:1   | Reached skill level 3 in Translocations
  9386 | Lair:1   | Reached skill level 4 in Fighting
  9432 | Lair:1   | Identified a potion of resistance
  9521 | Lair:1   | Reached skill level 5 in Shields
  9690 | Lair:1   | Reached skill level 1 in Polearms
  9845 | Lair:1   | Reached skill level 4 in Armour
  9852 | Lair:1   | Reached skill level 4 in Translocations
  9892 | Lair:1   | Reached skill level 2 in Polearms
  9899 | Lair:1   | Reached skill level 6 in Spellcasting
  9943 | Lair:1   | Reached skill level 5 in Fighting
 10035 | Lair:1   | Reached skill level 3 in Polearms
 10064 | Lair:1   | Identified the +5 chain mail of Weshre Amiuj {+Inv rN+
                  | Stlth+}
 10635 | Lair:2   | Reached skill level 1 in Evocations
 10642 | Lair:2   | Reached skill level 5 in Armour
 10647 | Lair:2   | Reached skill level 2 in Dodging
 10660 | Lair:2   | Reached *** piety under Kikubaaqudgha
 10660 | Lair:2   | Received a gift from Kikubaaqudgha
 10666 | Lair:2   | Reached XP level 12. HP: 48/60 MP: 22/22
 10672 | Lair:2   | Learned a level 5 spell: Borgnjor's Vile Clutch
 10698 | Lair:2   | Reached skill level 3 in Earth Magic
 10757 | Lair:2   | Reached skill level 4 in Earth Magic
 10859 | Lair:2   | Found a staircase to the Swamp.
 10928 | Lair:2   | Reached skill level 5 in Earth Magic
 10951 | Lair:2   | Reached skill level 6 in Earth Magic
 11115 | Lair:2   | Found a staircase to the Snake Pit.
 11145 | Lair:2   | Reached skill level 7 in Earth Magic
 11264 | Lair:2   | Reached skill level 8 in Earth Magic
 11285 | Lair:2   | Reached **** piety under Kikubaaqudgha
 11486 | Lair:2   | Reached skill level 9 in Earth Magic
 11847 | Lair:2   | Noticed an eight-headed hydra
 11865 | Lair:2   | Killed an eight-headed hydra
 12063 | Lair:3   | Reached XP level 13. HP: 43/63 MP: 4/24
 12181 | Lair:3   | Reached skill level 10 in Earth Magic
 12228 | Lair:3   | Reached skill level 6 in Armour
 12235 | Lair:3   | Reached skill level 7 in Spellcasting
 12328 | Lair:3   | Reached ***** piety under Kikubaaqudgha
 13325 | Lair:4   | Reached skill level 11 in Earth Magic
 13541 | Lair:4   | Found a viscous altar of Jiyva.
 13541 | Lair:4   | Found a staircase to the Slime Pits.
 13745 | Lair:4   | Learned a level 4 spell: Martyr's Knell
 13750 | Lair:4   | Learned a level 4 spell: Anguish
 14243 | Lair:5   | Entered Level 5 of the Lair of Beasts
 14407 | Lair:5   | Found a frozen archway.
 14440 | Lair:5   | Reached skill level 1 in Hexes
 14440 | Lair:5   | Reached skill level 1 in Summonings
 14440 | Lair:5   | Reached skill level 12 in Necromancy
 14477 | IceCv    | Entered an ice cave
 14499 | IceCv    | Reached skill level 8 in Spellcasting
 14590 | IceCv    | Reached XP level 14. HP: 68/68 MP: 23/27
 14602 | IceCv    | Learned a level 4 spell: Dispel Undead
 14618 | IceCv    | Identified a +2 crystal plate armour of cold resistance
 14676 | IceCv    | Reached ****** piety under Kikubaaqudgha
 14972 | IceCv    | Reached skill level 2 in Evocations
 15016 | IceCv    | Identified a +0 leather armour of resistance
 15022 | IceCv    | Reached skill level 7 in Armour
 15022 | IceCv    | Reached skill level 2 in Hexes
 15036 | IceCv    | Noticed a frost giant
 15115 | IceCv    | Killed a frost giant
 15116 | IceCv    | Reached skill level 2 in Summonings
 15217 | IceCv    | Reached skill level 6 in Fighting
 15336 | IceCv    | Identified the ring of Xuddew {Ice Dex+4 SInv Stlth+}
 15342 | IceCv    | Identified a potion of experience
 15343 | IceCv    | Reached skill level 3 in Dodging
 15343 | IceCv    | Reached skill level 9 in Spellcasting
 15343 | IceCv    | Reached skill level 3 in Hexes
 15343 | IceCv    | Reached skill level 3 in Summonings
 15343 | IceCv    | Reached skill level 5 in Translocations
 15343 | IceCv    | Reached skill level 12 in Earth Magic
 15343 | IceCv    | Reached XP level 15. HP: 73/73 MP: 27/29
 15580 | Lair:5   | Reached skill level 3 in Evocations
 16079 | Lair:5   | Reached skill level 4 in Dodging
 16079 | Lair:5   | Reached skill level 4 in Hexes
 16079 | Lair:5   | Reached skill level 4 in Summonings
 16354 | D:3      | Killed Crazy Yiuf
 16459 | D:5      | Killed Grinder
 16769 | D:8      | Found a burning altar of Makhleb.
 16901 | D:9      | Found a blossoming altar of Fedhas.
 16901 | D:9      | Found a glowing golden altar of the Shining One.
 17038 | D:9      | Killed Amaemon
 17496 | Orc:1    | Entered Level 1 of the Orcish Mines
 17505 | Orc:1    | Reached skill level 7 in Fighting
 17789 | Orc:2    | Entered Level 2 of the Orcish Mines
 17838 | Orc:2    | Found a staircase to the Elven Halls.
 18992 | Orc:2    | Reached skill level 5 in Summonings
 19035 | Orc:2    | Reached skill level 5 in Hexes
 19184 | Orc:2    | Reached skill level 8 in Armour
 19297 | Orc:1    | Found Jipusosa's Antique Armour Boutique.
 19717 | Orc:2    | Reached skill level 5 in Dodging
 19763 | Orc:2    | Reached XP level 16. HP: 80/80 MP: 12/30
 19946 | Orc:2    | Found Imian's Antique Armour Shoppe.
 19949 | Orc:2    | Found Wuengalu's General Store.
 19950 | Orc:2    | Found Goleliyr's Magic Scroll Shoppe.
 19951 | Orc:2    | Found Poep's Magic Scroll Emporium.
 19954 | Orc:2    | Bought a scroll of blinking for 75 gold pieces
 19954 | Orc:2    | Bought a scroll of teleportation for 30 gold pieces
 19954 | Orc:2    | Bought a scroll of teleportation for 30 gold pieces
 19976 | Orc:2    | Bought a glowing hat for 189 gold pieces
 19978 | Orc:2    | Bought 2 scrolls of fog for 80 gold pieces
 19978 | Orc:2    | Bought a scroll of vulnerability for 40 gold pieces
 19978 | Orc:2    | Bought a scroll of identify for 20 gold pieces
 19981 | Orc:2    | Upgraded the game from 0.31.0-4-g52a2dc7128 to
                  | 0.31.0-7-gf635a9b802
 20074 | D:10     | Entered Level 10 of the Dungeon
 20398 | D:10     | Found Ybish's Book Emporium.
 20568 | D:10     | Reached skill level 6 in Summonings
 20753 | D:4      | Bought a ring of fire for 325 gold pieces
 20760 | D:4      | Bought the Parchment of Mortification for 532 gold pieces
 21819 | D:12     | Noticed Frances
 21869 | D:12     | Noticed Josephine
 21921 | D:12     | Noticed Fannar
 21934 | D:12     | Killed Fannar
 22265 | D:12     | Reached skill level 7 in Summonings
 22487 | D:12     | Killed Frances
 22573 | D:12     | Killed Josephine
 22755 | D:4      | Bought a ring of resist corrosion for 260 gold pieces
 22869 | D:13     | Found Giaruj's Weapon Boutique.
 23043 | D:13     | Found Ecwor's General Store.
 23224 | D:13     | Reached skill level 8 in Summonings
 23349 | D:13     | Found Nabocvo's Antique Armour Shoppe.
 23394 | D:13     | Found Heytusy's Jewellery Boutique.
 23677 | D:14     | Reached skill level 9 in Summonings
 23702 | D:14     | Identified the ring of Tipo Enaj {rF+ Str+6 Dex+4}
 23887 | D:14     | Found a gate to the Vaults.
 23899 | D:14     | Reached skill level 13 in Necromancy
 23931 | D:14     | Noticed Agnes
 23943 | D:14     | Killed Agnes
 24303 | D:15     | Entered Level 15 of the Dungeon
 24323 | D:15     | Found an ornate altar of the Wu Jian Council.
 24323 | D:15     | Noticed Azrael
 24332 | D:15     | Reached skill level 10 in Summonings
 24517 | D:15     | Found a staircase to the Depths.
 24813 | D:15     | Killed Azrael
 24913 | D:15     | Reached skill level 11 in Summonings
 24978 | D:15     | Reached XP level 17. HP: 85/85 MP: 16/31
 24986 | D:15     | Learned a level 7 spell: Haunt
 26016 | D:4      | Bought the +0 hand axe of Xattas {flame, Int+6} for 275
                  | gold pieces
 26169 | Snake:1  | Entered Level 1 of the Snake Pit
 26222 | Snake:1  | Found Imaegged's Jewellery Shop.
 26224 | Snake:1  | Found Nous's Assorted Antiques.
 26224 | Snake:1  | Found Qielub's General Store.
 26236 | Snake:1  | Found Pothras's Weapon Boutique.
 26290 | Snake:1  | Bought 2 potions of magic for 224 gold pieces
 26320 | Snake:1  | Found Orraym's Antique Weapon Emporium.
 26752 | Snake:1  | Reached skill level 12 in Summonings
 26754 | Snake:1  | Reached skill level 14 in Necromancy
 26809 | Swamp:1  | Entered Level 1 of the Swamp
 27331 | Swamp:1  | Found an iron altar of Okawaru.
 27758 | Swamp:2  | Reached skill level 13 in Summonings
 28675 | Snake:1  | Bought a masterwork dagger for 224 gold pieces
 28675 | Snake:1  | Identified the +6 dagger of Unpleasantness {speed, rF+
                  | Dex+5 SInv} (You bought it in a shop on level 1 of the
                  | Snake Pit)
 28860 | Swamp:3  | Reached skill level 14 in Summonings
 29668 | Swamp:4  | Entered Level 4 of the Swamp
 29902 | Swamp:4  | Reached XP level 18. HP: 68/89 MP: 4/32
 29904 | Swamp:4  | Learned a level 1 spell: Apportation
 30001 | Swamp:4  | Reached skill level 15 in Necromancy
 30046 | Swamp:4  | Noticed a tentacled monstrosity
 30052 | Swamp:4  | Killed a tentacled monstrosity
 30053 | Swamp:4  | Reached skill level 15 in Summonings
 30553 | Swamp:4  | Got a decaying rune of Zot
 30979 | Snake:1  | Bought an ichor-stained falchion for 256 gold pieces
 30979 | Snake:1  | Identified the +3 falchion "Spider's Peril" {flame, rC+
                  | Will+} (You bought it in a shop on level 1 of the Snake
                  | Pit)
 32169 | Snake:1  | Bought a dazzling mace for 256 gold pieces
 32169 | Snake:1  | Identified the +3 mace "Dumai" {drain, rF+ rCorr SInv} (You
                  | bought it in a shop on level 1 of the Snake Pit)
 33005 | Vaults:1 | Entered Level 1 of the Vaults
 33017 | D:14     | Reached skill level 16 in Necromancy
 33070 | Vaults:1 | Reached skill level 16 in Summonings
 34398 | Vaults:1 | Got the Elucidation of Unstable Tephra
 34836 | Vaults:1 | Reached XP level 19. HP: 93/93 MP: 9/33
 34964 | Vaults:1 | Reached skill level 17 in Necromancy
 35368 | Vaults:1 | Reached skill level 17 in Summonings
 35748 | Vaults:2 | Reached skill level 10 in Spellcasting
 35952 | Vaults:2 | Reached skill level 8 in Fighting
 36443 | Vaults:2 | Reached skill level 1 in Air Magic
 36649 | Vaults:2 | Reached skill level 2 in Air Magic
 36715 | Vaults:2 | Found Feof's Distillery.
 36773 | Vaults:2 | Noticed Bai Suzhen
 36805 | Vaults:2 | Killed Bai Suzhen
 36987 | Vaults:2 | Reached skill level 3 in Air Magic
 37657 | Vaults:3 | Reached skill level 9 in Fighting
 37657 | Vaults:3 | Reached skill level 11 in Spellcasting
 37717 | Vaults:3 | Noticed a Hell Sentinel
 37913 | Vaults:3 | Reached skill level 18 in Necromancy
 37914 | Vaults:3 | Reached skill level 4 in Air Magic
 38096 | Vaults:3 | Reached XP level 20. HP: 90/100 MP: 18/36
 38198 | Vaults:3 | Learned a level 3 spell: Swiftness
 38261 | Vaults:3 | Paralysed by a formless jellyfish for 1 turns
 38559 | Vaults:3 | Reached skill level 5 in Air Magic
 39177 | Vaults:3 | Found Kokkias's Antique Armour Emporium.
 39214 | Vaults:3 | Bought a pair of translucent gloves for 408 gold pieces
 39214 | Vaults:3 | Identified the +1 pair of gloves of Ru's Castigation {Harm
                  | Rampage Will- Regen+} (You bought it in a shop on level 3
                  | of the Vaults)
 39265 | Vaults:3 | Found Ymeqycse's Jewellery Shop.
 39468 | Vaults:3 | Reached skill level 12 in Spellcasting
 39589 | Vaults:3 | Found a staircase to the Crypt.
 39883 | Vaults:3 | Reached skill level 18 in Summonings
 40584 | Vaults:4 | Reached skill level 19 in Necromancy
 41058 | Vaults:4 | Found Wuelin's Weapon Emporium.
 41573 | Vaults:4 | Reached skill level 13 in Spellcasting
 41629 | Vaults:4 | Found a runed translucent gate.
 41629 | Vaults:4 | Found a runed translucent gate.
 41630 | Vaults:4 | Found a runed translucent gate.
 41633 | Vaults:4 | Noticed Tang's ghost (master DsGl)
 41633 | Vaults:4 | Identified a +0 robe of resistance
 41857 | Vaults:4 | Reached XP level 21. HP: 105/105 MP: 21/39
 42187 | Vaults:4 | Paralysed by a formless jellyfish for 1 turns
 42189 | Vaults:4 | Paralysed by a formless jellyfish for 1 turns
 42421 | Vaults:4 | Killed Tang's ghost
 42479 | Vaults:4 | Identified the +1 pair of boots of Gozag's Favour {Int+4
                  | Dex+3 Stlth+}
 42481 | Vaults:4 | Identified the +2 hat of Ukicef {rPois Will+++ Dex-5
                  | Stlth-}
 42515 | Vaults:4 | Learned a level 8 spell: Infestation
 43747 | Snake:2  | Noticed Asterion
 43755 | Snake:2  | Killed Asterion
 44084 | Snake:2  | Reached skill level 20 in Necromancy
 44296 | Snake:2  | Reached skill level 14 in Spellcasting
 44335 | Snake:2  | Identified the +0 hat "Tacys" {Harm Rampage}
 44361 | Snake:2  | Identified the +1 arbalest of Biorph {flame, Will+}
 45269 | Snake:2  | Reached skill level 10 in Fighting
 46156 | Snake:3  | Found a runed translucent gate.
 46157 | Snake:3  | Found a runed translucent gate.
 46158 | Snake:3  | Found a runed translucent gate.
 46185 | Snake:3  | Found a transporter.
 46491 | Snake:3  | Found a transporter.
 46518 | Snake:3  | Found Odgho's Firing Range.
 46702 | Snake:3  | Noticed Tuffe's ghost (adept FoFi)
 46702 | Snake:3  | Noticed Icun's ghost (journeyman GnWr)
 46702 | Snake:3  | Noticed Siddir's ghost (journeyman MiBe)
 46721 | Snake:3  | Killed Siddir's ghost
 46735 | Snake:3  | Killed Tuffe's ghost
 46743 | Snake:3  | Killed Icun's ghost
 46788 | Snake:3  | Identified the +2 halberd "Zasougoch" {protect, *Slow rC+++
                  | rCorr Str+2}
 46823 | Snake:4  | Entered Level 4 of the Snake Pit
 47120 | Snake:4  | Noticed Nikola
 47180 | Snake:4  | Killed Nikola
 47543 | Snake:4  | Identified the +6 hand axe of Soft Reinforcement {elec,
                  | rElec Str+5 Dex+2}
 47571 | Snake:4  | Reached skill level 6 in Translocations
 47948 | Snake:4  | Identified a scroll of acquirement
 47949 | Snake:4  | Acquired 346 gold pieces
 47970 | Snake:4  | Identified a +2 robe of resistance
 48019 | Snake:4  | Identified the +5 plate armour of the Lair of Beasts
                  | {*Corrode rPois Str+2}
 48074 | Snake:4  | Reached skill level 15 in Spellcasting
 48216 | Snake:4  | Reached XP level 22. HP: 107/112 MP: 30/42
 48308 | Snake:4  | Reached skill level 11 in Fighting
 48420 | Snake:4  | Reached skill level 21 in Necromancy
 48808 | Snake:4  | Noticed Vashnia
 48816 | Snake:4  | Killed Vashnia
 48901 | Snake:4  | Got a serpentine rune of Zot
 49143 | Elf:1    | Entered Level 1 of the Elven Halls
 49716 | Elf:1    | Reached skill level 12 in Fighting
 49719 | Elf:1    | Paralysed by an air elemental for 1 turns
 49790 | Elf:1    | Paralysed by an air elemental for 1 turns
 49794 | Elf:1    | Paralysed by an air elemental for 1 turns
 49821 | Elf:1    | Paralysed by an air elemental for 1 turns
 50080 | Elf:1    | Learned a level 3 spell: Passwall
 50139 | Elf:2    | Noticed Jorgrun
 50145 | Elf:2    | Killed Jorgrun
 50152 | Elf:2    | Found a runed translucent gate.
 50229 | Elf:2    | Found a runed translucent gate.
 50230 | Elf:2    | Found a runed translucent gate.
 50297 | Elf:2    | Noticed Donald
 50303 | Elf:2    | Killed Donald
 50325 | Elf:2    | Your ally Jorgrun died
 50396 | Elf:2    | Found a radiant altar of Vehumet.
 50560 | Elf:2    | Found Xurph's General Store.
 50562 | Elf:2    | Found Mantumet's Weapon Boutique.
 50779 | Elf:2    | Noticed Saint Roka
 50832 | Elf:2    | Killed Saint Roka
 50938 | Elf:2    | Reached skill level 6 in Dodging
 51393 | Elf:3    | Entered Level 3 of the Elven Halls
 51688 | Elf:3    | Identified the +9 glaive of Valour {flame, rPois rN+ Will+
                  | Str+4}
 51755 | Elf:3    | Found Geocingaoru's Weapon Boutique.
 52327 | Elf:3    | Paralysed by an air elemental for 1 turns
 52547 | Elf:3    | Reached skill level 13 in Fighting
 52619 | Elf:3    | Identified the ring "Quosanid" {rN+ MP+9}
 52627 | Elf:3    | Reached skill level 22 in Necromancy
 52629 | Elf:3    | Reached XP level 23. HP: 120/122 MP: 20/43
 52791 | Elf:3    | Reached skill level 7 in Dodging
 52968 | Elf:3    | Identified the ring of Vyudd {Fire ^Contam rElec rPois
                  | Stlth+}
 53389 | Elf:3    | Identified the +0 quarterstaff "Agha" {flame, rN+ Str-4
                  | SInv}
 53523 | Elf:3    | Got Qeetyeq's Monograph on Rocky Vapour
 53524 | Elf:3    | Identified the +0 shortbow of the Mashing Gods {speed,
                  | Str+3}
 53583 | Elf:3    | Got the Octavo of Mutated Concussion
 54074 | Depths:1 | Entered Level 1 of the Depths
 54082 | Depths:1 | Noticed a juggernaut
 54235 | Depths:1 | Identified the +3 mace of the Lair of Beasts {drain, Str+3}
 54277 | Depths:1 | Identified the +7 rapier "Qiddi" {drain, +Blink rElec rN+
                  | Str-4}
 54288 | Depths:1 | Noticed a golden dragon
 54345 | Depths:1 | Noticed a juggernaut
 54353 | Depths:1 | Killed a juggernaut
 54356 | Depths:1 | Reached skill level 8 in Dodging
 54362 | Depths:1 | Killed a golden dragon
 54420 | Depths:1 | Identified the +1 leather armour of Zishruog {Int+4 Stlth+}
 54435 | Depths:1 | Reached skill level 14 in Fighting
 54681 | Depths:1 | Identified the +0 morningstar of Omorut {freeze, rElec}
 54766 | Depths:1 | Found a one-way gate leading to the halls of Pandemonium.
 54962 | Depths:1 | Got Sif Muna's Guidebook on the Cursed Retinue
 54983 | Depths:1 | Identified the death talisman of Duck {rElec MP+9}
 55167 | Depths:1 | Found a gateway to Hell.
 55172 | Depths:1 | Identified the staff "Dal Riawaacu" {rPois rF++ Str+4 Dex-5
                  | Alchemy}
 55713 | Depths:2 | Identified the +0 leather armour "Fuamn" {rC- Int+3 SInv}
 55769 | Depths:2 | Acquired a Necronomicon
 55846 | Depths:2 | Found Araott's Pet Rocks.
 55853 | Depths:2 | Reached skill level 23 in Necromancy
 55928 | Depths:2 | Found a one-way gateway to a ziggurat.
 56158 | Depths:2 | Found Xuid's Magic Scroll Emporium.
 56162 | Depths:2 | Bought a scroll of blinking for 142 gold pieces
 56162 | Depths:2 | Bought a scroll of teleportation for 57 gold pieces
 56162 | Depths:2 | Bought a scroll of teleportation for 57 gold pieces
 56219 | Depths:2 | Reached skill level 15 in Fighting
 56376 | Depths:2 | Reached XP level 24. HP: 125/131 MP: 15/43
 56694 | Depths:2 | Found a sparkling altar of Nemelex Xobeh.
 57740 | Depths:3 | Found a one-way gate to the infinite horrors of the Abyss.
 57895 | Depths:3 | Reached skill level 24 in Necromancy
 58250 | Depths:3 | Noticed a royal mummy
 58259 | Depths:3 | Killed a royal mummy
 58314 | Depths:3 | Noticed a royal mummy
 58328 | Depths:3 | Killed a royal mummy
 58329 | Depths:3 | Noticed a royal mummy
 58430 | Depths:3 | Found the +7 sceptre of Torment {pain, torment}
 58435 | Depths:3 | Killed a royal mummy
 58483 | Depths:3 | Learned a level 8 spell: Borgnjor's Revivification
 58532 | Depths:4 | Entered Level 4 of the Depths
 58632 | Depths:4 | Reached skill level 1 in Maces & Flails
 58821 | Depths:4 | Reached skill level 2 in Maces & Flails
 59143 | Depths:4 | Reached skill level 3 in Maces & Flails
 59408 | Depths:4 | Found a gate to the Realm of Zot.
 59800 | Depths:4 | Reached skill level 4 in Maces & Flails
 59834 | Depths:4 | Found a portal to a secret trove of treasure.
 60170 | Vaults:3 | Bought a transparent ring mail for 387 gold pieces
 60170 | Vaults:3 | Identified the +6 ring mail of the Thistle {+Blink Int-4
                  | Dex-5 Stlth+} (You bought it in a shop on level 3 of the
                  | Vaults)
 60251 | Vaults:5 | Entered Level 5 of the Vaults
 60456 | Vaults:5 | Reached skill level 5 in Maces & Flails
 60525 | Vaults:5 | Reached skill level 16 in Spellcasting
 60690 | Vaults:5 | Reached XP level 25. HP: 135/135 MP: 23/44
 60701 | Vaults:5 | Reached skill level 25 in Necromancy
 60916 | Vaults:5 | Reached skill level 6 in Maces & Flails
 61144 | Vaults:5 | Identified the +9 plate armour "Urohedd" {Int+5}
 61453 | Vaults:5 | Reached skill level 7 in Maces & Flails
 61641 | Vaults:5 | Identified the amulet of Recklessness {Regen+ Str+3}
 61716 | Vaults:5 | Got a silver rune of Zot
 62188 | Vaults:5 | Reached skill level 17 in Spellcasting
 62258 | Vaults:5 | Reached skill level 8 in Maces & Flails
 62728 | Vaults:5 | Identified the +4 sling "Muylos" {flame, rN+ Str+3 SInv}
 62793 | Vaults:5 | Noticed an ancient lich
 62812 | Vaults:5 | Killed an ancient lich
 63428 | Zot:1    | Entered Level 1 of the Realm of Zot
 63528 | Zot:1    | Noticed an electric golem
 63593 | Zot:1    | Killed an electric golem
 63619 | Zot:1    | Noticed an electric golem
 63626 | Zot:1    | Killed an electric golem
 63634 | Zot:1    | Noticed an electric golem
 63727 | Zot:1    | Killed an electric golem
 63780 | Zot:1    | Reached skill level 9 in Maces & Flails
 64231 | Zot:5    | Entered Level 5 of the Realm of Zot
 64291 | Zot:5    | Noticed an orb of fire
 64648 | Zot:4    | Reached XP level 26. HP: 135/136 MP: 39/45
 64962 | Zot:4    | Reached skill level 26 in Necromancy
 64995 | Zot:4    | Noticed a curse toe
 65513 | Zot:4    | Killed a curse toe
 65514 | Zot:4    | Reached skill level 10 in Maces & Flails
 65869 | Zot:5    | Gained mutation: Your magical capacity is low. (-10% MP)
                  | [an orb of fire]
 66132 | Zot:5    | Gained mutation: You are frail. (-10% HP) [an orb of fire]
 66286 | Zot:4    | Lost mutation: Your magical capacity is low. (-10% MP)
                  | [potion of mutation]
 66286 | Zot:4    | Lost mutation: You are frail. (-10% HP) [potion of
                  | mutation]
 66286 | Zot:4    | Gained mutation: Your flesh is cold resistant. (rC+)
                  | [potion of mutation]
 66441 | Zot:5    | Gained mutation: Your magical capacity is low. (-10% MP)
                  | [an orb of fire]
 66447 | Zot:5    | Gained mutation: Your body sometimes deteriorates upon
                  | taking damage. [an orb of fire]
 66456 | Zot:5    | Killed an orb of fire
 66457 | Zot:5    | Reached skill level 16 in Fighting
 66963 | Zot:5    | Reached skill level 11 in Maces & Flails
 66972 | Zot:5    | Noticed an ancient lich
 66981 | Zot:5    | Noticed a Killer Klown
 66982 | Zot:5    | Noticed a dread lich
 66983 | Zot:5    | Noticed an ancient lich
 67040 | Zot:5    | Killed an ancient lich
 67123 | Zot:5    | Noticed a Killer Klown
 67128 | Zot:5    | Killed a Killer Klown
 67211 | Zot:5    | Killed an ancient lich
 67212 | Zot:5    | Noticed an electric golem
 67235 | Zot:5    | Killed a Killer Klown
 67274 | Zot:5    | Noticed a Killer Klown
 67299 | Zot:5    | Killed an electric golem
 67303 | Zot:5    | Noticed an orb of fire
 67304 | Zot:5    | Noticed an orb of fire
 67305 | Zot:5    | Noticed a Killer Klown
 67307 | Zot:5    | Noticed a Killer Klown
 67489 | Zot:5    | Gained mutation: You are dopey. (Int -2) [an orb of fire]
 67489 | Zot:5    | Killed an orb of fire
 67524 | Zot:5    | Killed a Killer Klown
 67605 | Zot:5    | Noticed a Killer Klown
 67614 | Zot:5    | Noticed a Killer Klown
 67982 | Zot:5    | Learned a level 9 spell: Death's Door
 68001 | Zot:5    | Killed a dread lich
 68013 | Zot:5    | Killed a Killer Klown
 68048 | Zot:5    | Killed a Killer Klown
 68052 | Zot:5    | Noticed a Killer Klown
 68060 | Zot:5    | Killed a Killer Klown
 68061 | Zot:5    | Reached XP level 27. HP: 149/149 MP: 14/41
 68074 | Zot:5    | Reached skill level 12 in Maces & Flails
 68193 | Zot:5    | Reached skill level 17 in Fighting
 68375 | Zot:5    | Noticed an orb of fire
 68389 | Zot:5    | Gained mutation: Your magical capacity is very low. (-20%
                  | MP) [an orb of fire]
 68390 | Zot:5    | Gained mutation: You are very dopey. (Int -4) [an orb of
                  | fire]
 68418 | Zot:5    | Noticed a curse toe
 68422 | Zot:5    | Reached skill level 27 in Necromancy
 68430 | Zot:5    | Killed a curse toe
 68452 | Zot:5    | Killed an orb of fire
 68532 | Zot:5    | Noticed an electric golem
 68558 | Zot:5    | Killed an electric golem
 68631 | Zot:5    | Got the Orb of Zot
 68665 | Zot:5    | Noticed Rumneger the pandemonium lord
 68680 | Zot:5    | Killed Rumneger the pandemonium lord
 68681 | Zot:5    | Lost mutation: You are very dopey. (Int -4) [potion of
                  | mutation]
 68681 | Zot:5    | Lost mutation: Your magical capacity is very low. (-20% MP)
                  | [potion of mutation]
 68681 | Zot:5    | Lost mutation: Your magical capacity is low. (-10% MP)
                  | [potion of mutation]
 68681 | Zot:5    | Gained mutation: You are agile. (Dex +4, Str/Int -1)
                  | [potion of mutation]
 68681 | Zot:5    | Gained mutation: You have a pair of small antennae on your
                  | head. [potion of mutation]
 68681 | Zot:5    | Gained mutation: You expend magic power (3 MP) to
                  | strengthen your wands. [potion of mutation]
 68870 | Depths:3 | Noticed Geyrefru the pandemonium lord
 68870 | Depths:3 | Noticed an ancient lich
 68880 | Depths:2 | Reached skill level 13 in Maces & Flails
 69192 | D:$      | Escaped with the Orb!

Vanquished Creatures
  2 ancient liches
  An orb of fire (Zot:5)
  2 royal mummies (Depths:3)
  Bai Suzhen (Vaults:2)
  A Killer Klown (Zot:5)
  Saint Roka (Elf:2)
  A curse toe (Zot:4)
  A golden dragon (Depths:4)
  A bone dragon (Depths:4)
  2 liches
  7 Orb Guardians (Zot:5)
  3 titans
  3 quicksilver dragons
  2 sphinxes
  Asterion (Snake:2)
  Agnes (D:14)
  6 death cobs
  Frances (D:12)
  3 shadow dragons
  A nagaraja (Snake:2)
  A tengu reaver (Vaults:5)
  2 storm dragons
  A protean progenitor (Zot:1)
  3 fire giants
  A deep elf sorcerer (Elf:3)
  4 frost giants
  A draconian monk (Zot:1)
  2 deep elf elementalists (Elf:3)
  5 vault wardens
  A ghost moth (Zot:4)
  5 stone giants
  5 orc warlords
  A very ugly thing (Depths:3)
  2 draconian stormcallers
  6 ironbound preservers
  A draconian annihilator (Zot:3)
  A formless jellyfish (Vaults:1)
  An ironbound thunderhulk (Vaults:4)
  3 vampire knights
  A deep elf demonologist (Elf:3)
  8 yellow draconians
  An eleionoma (Swamp:2)
  2 black draconians
  2 bunyips
  3 deep elf annihilators
  4 dire elephants
  4 purple draconians
  Azrael (D:15)
  A spark wasp (shapeshifter) (Vaults:5)
  3 red draconians
  A white draconian (Zot:1)
  2 yaktaur captains
  2 ettins
  2 deep elf high priests
  A mummy priest (Depths:3)
  A shambling mangrove (Swamp:4)
  A jiangshi (Vaults:3)
  13 vault guards
  Fannar (D:12)
  3 entropy weavers
  Josephine (D:12)
  2 great orbs of eyes
  7 anacondas
  4 ice dragons
  2 spriggan air magi (Depths:2)
  7 hydras
  3 ogre magi (Vaults:5)
  A radroach (Zot:5)
  6 ironbound frosthearts
  2 catoblepae
  4 alligators
  5 centaur warriors
  2 boulder beetles (D:15)
  6 naga warriors
  2 death yaks
  7 two-headed ogres
  3 deep troll shamans
  12 dancing weapons
  3 orc high priests
  2 vampire magi
  A deep troll earth mage (Depths:2)
  2 tengu warriors
  2 naga sharpshooters
  3 spriggan berserkers
  2 hell knights (Vaults:5)
  A shock serpent (Snake:1)
  7 deep elf knights
  4 spriggans
  2 salamander mystics
  6 skeletal warriors
  2 spriggan druids
  A goliath frog (Swamp:1)
  5 iron trolls
  A sixfirhy (Depths:2)
  Amaemon (D:9)
  18 deep trolls
  A storm dragon skeleton (D:15)
  2 naga ritualists
  6 mana vipers
  4 deep elf archers
  A spark wasp zombie (D:15)
  A bog body (Swamp:1)
  5 ironbound convokers
  A lindwurm (Swamp:4)
  4 phantasmal warriors
  3 harpies (Vaults:2)
  3 necromancers
  14 orc knights
  Pikel (D:4)
  8 deep elf pyromancers
  2 manticores
  7 ugly things
  4 deep elf zephyrmancers
  A wolf spider (shapeshifter) (Depths:1)
  3 cyclopes
  7 moths of wrath
  4 salamanders
  9 nameless horrors
  3 meliai (Depths:2)
  A kobold blastminer (Orc:2)
  7 elephants
  An ice statue (IceCv)
  18 black mambas
  3 guardian serpents
  A frost giant skeleton (Vaults:4)
  3 naga magi (Snake:4)
  An orange demon (D:9)
  5 vault sentinels
  A gargoyle (D:10)
  7 cane toads
  An unseen horror (shapeshifter) (Elf:3)
  7 rime drakes
  5 komodo dragons
  8 yaktaurs
  A kobold demonologist (D:11)
  2 tengu conjurers
  A queen bee (Lair:2)
  7 polar bears (IceCv)
  5 trolls
  5 tyrant leeches
  Grinder (D:5)
  5 hornets
  11 blink frogs
  2 human simulacra (Vaults:4)
  4 dream sheep (Lair:5)
  An ettin zombie (Vaults:4)
  8 slime creatures
  A centaur simulacrum (D:14)
  2 vampires (D:12)
  2 shadows
  An air elemental (Elf:1)
  A culicivora (Vaults:1)
  7 water elementals
  53 yaks
  2 wyverns
  3 basilisks
  4 wargs
  8 wraiths
  5 redbacks
  2 steam dragons
  11 vampire mosquitoes
  A death yak simulacrum (Lair:5)
  18 nagas
  A swamp worm (Swamp:3)
  13 water moccasins
  3 hell hounds (D:15)
  An ogre skeleton (Vaults:4)
  24 orc warriors
  2 sky beasts
  2 swamp drakes
  3 black bears
  A boggart (Vaults:4)
  27 wolves
  6 ogres
  4 centaurs
  A lemure (D:3)
  Blork the orc (D:6)
  5 kobold brigands
  4 phantoms
  7 bullfrogs
  3 gnoll sergeants
  An earth elemental (Elf:3)
  A cane toad simulacrum (Lair:5)
  5 scorpions
  4 wights (D:8)
  2 troll zombies (D:9)
  27 killer bees
  2 electric eels (Lair:3)
  3 howler monkeys (D:10)
  A bombardier beetle (D:6)
  2 jellies
  A lava snake (D:9)
  Crazy Yiuf (D:3)
  2 gnoll boudas
  7 hounds
  26 orc priests
  Jessica (D:2)
  7 iguanas
  6 polar bear simulacra
  2 yak simulacra (Lair:2)
  12 orc wizards
  3 wolf simulacra (Lair:2)
  5 ogre zombies (D:9)
  16 gnolls
  5 adders
  2 ufetubi (D:4)
  A ribbon worm (D:4)
  A dart slug (D:3)
  45 orcs
  9 ball pythons
  9 bats
  7 endoplasms
  4 giant cockroaches
  7 goblins
  7 hobgoblins
  3 jackals (D:4)
  17 kobolds
  3 quokkas
  3 frilled lizards (D:2)
  2 gnoll skeletons (D:9)
  3 gnoll zombies (D:9)
  5 orc skeletons (D:9)
  14 orc zombies (D:9)
  6 rats
  A river rat simulacrum (Lair:2)
1019 creatures vanquished.

Vanquished Creatures (collateral kills)
  A dread lich (Zot:5)
  An ancient lich (Zot:5)
  2 orbs of fire (Zot:5)
  A royal mummy (Depths:3)
  The ghost of Tang the Slayer, a master DsGl of Makhleb (Vaults:4)
  8 Killer Klowns (Zot:5)
  Vashnia (Snake:4)
  A curse toe (Zot:5)
  5 golden dragons
  A pandemonium lord (Zot:5)
  Nikola (Snake:4)
  A profane servitor (D:13)
  A Brimstone Fiend (D:14)
  5 electric golems
  12 tentacled monstrosities
  3 quicksilver dragons
  Jorgrun (Elf:2)
  2 deep elf blademasters (Elf:3)
  4 liches
  19 Orb Guardians
  2 sphinxes
  5 titans (Vaults:5)
  A deep elf master archer (Elf:3)
  A death cob (Zot:5)
  5 shadow dragons
  8 storm dragons
  10 tengu reavers
  2 protean progenitors (Zot:5)
  The ghost of Tuffe the Warrior, an adept FoFi of Okawaru (Snake:3)
  A thorn hunter (Swamp:4)
  2 nagarajas
  Donald (Elf:2)
  8 fire giants
  6 frost giants
  4 deep elf sorcerers
  2 draconian scorchers
  A draconian knight (Zot:5)
  8 vault wardens
  4 draconian shifters
  3 iron dragons (Vaults:5)
  The ghost of Icun the Thaumaturge, a journeyman GnWr of Okawaru (Snake:3)
  A ghost moth (Zot:4)
  2 balrugs
  6 deep elf elementalists (Elf:3)
  2 orc warlords
  A draconian stormcaller (Zot:4)
  3 draconian annihilators
  16 ironbound preservers
  2 very ugly things
  9 ironbound thunderhulks
  A demonspawn corrupter (Depths:4)
  11 stone giants
  A demonspawn blood saint (Depths:4)
  4 deep elf death magi
  3 formless jellyfish
  6 green draconians
  2 bunyips
  5 eleionomae
  9 deep elf demonologists
  23 dire elephants
  6 black draconians
  10 deep elf annihilators
  4 purple draconians
  7 red draconians
  2 white draconians
  3 war gargoyles
  4 yellow draconians
  7 nameless horrors
  The ghost of Siddir the Blocker, a journeyman MiBe of Trog (Snake:3)
  A mummy priest (Depths:3)
  A blizzard demon (Depths:4)
  13 ettins
  4 deep elf high priests
  A merfolk javelineer (Depths:1)
  9 yaktaur captains
  3 fire dragons
  A shambling mangrove (Swamp:4)
  5 spriggan air magi
  3 entropy weavers
  A peacekeeper (Vaults:4)
  4 great orbs of eyes
  20 vault guards
  2 rakshasas
  2 ghost crabs (Swamp:3)
  15 hydras
  A salamander tyrant (Snake:2)
  A hell beast (Depths:1)
  2 catoblepae
  An ice dragon (Lair:5)
  7 alligators
  8 two-headed ogres
  2 death knights (D:15)
  A radroach (Zot:5)
  6 anacondas (Snake:4)
  7 centaur warriors
  An ogre mage (Vaults:5)
  3 boulder beetles
  5 ironbound frosthearts
  20 dancing weapons
  15 naga warriors
  5 tengu warriors
  4 death yaks
  4 deep troll shamans
  19 naga sharpshooters
  7 deep troll earth magi
  2 occultists (Depths:2)
  A hell knight (Vaults:2)
  9 shock serpents
  4 spriggan berserkers
  4 sun demons
  7 deep elf knights
  10 iron trolls
  3 skeletal warriors
  A death drake (Swamp:1)
  45 deep trolls
  A sixfirhy (Zot:5)
  8 goliath frogs
  7 swamp dragons
  A deep troll (shapeshifter) (Depths:1)
  A death drake (shapeshifter) (Depths:1)
  A glowing orange brain (shapeshifter) (Vaults:5)
  3 salamander mystics
  5 arcanists
  19 ironbound convokers
  A flayed ghost (Depths:1)
  A shadow demon (Depths:2)
  5 glowing orange brains
  A spriggan druid (Swamp:4)
  10 lindwurms
  14 mana vipers
  A swamp dragon (shapeshifter) (Depths:4)
  6 naga ritualists
  2 phantasmal warriors (Vaults:5)
  3 bog bodies
  2 harpies (Vaults:2)
  4 necromancers
  4 deep elf archers
  2 human zombies (Vaults:4)
  11 deep elf pyromancers
  12 orc knights
  4 will-o-the-wisps
  15 deep elf zephyrmancers
  A frost giant zombie (Depths:1)
  A stone giant zombie (Vaults:4)
  15 ugly things
  11 salamanders
  3 cyclopes
  3 elephants
  A mana viper (shapeshifter) (Vaults:5)
  2 orc sorcerers (Vaults:4)
  A manticore (Lair:5)
  An elephant (shapeshifter) (Vaults:5)
  6 meliai (Depths:2)
  A stone giant skeleton (Depths:1)
  11 moths of wrath
  8 guardian serpents
  A smoke demon (Depths:2)
  23 black mambas
  14 vault sentinels
  14 naga magi
  8 cane toads
  A hellion (Depths:2)
  11 yaktaurs
  6 komodo dragons
  3 rime drakes
  A freezing wraith (Vaults:5)
  A red devil (D:11)
  3 tengu conjurers
  A queen bee (Depths:2)
  A queen bee (shapeshifter) (D:13)
  4 trolls
  10 tyrant leeches
  4 dream sheep (Lair:5)
  10 blink frogs
  10 hornets
  A glass eye (Depths:2)
  A culicivora (Vaults:5)
  3 slime creatures
  A jumping spider (Vaults:4)
  A spriggan (shapeshifter) (Vaults:5)
  3 air elementals
  24 yaks
  4 spriggans
  2 wyverns (Lair:2)
  5 fire elementals
  5 basilisks
  4 redbacks
  A glowing shapeshifter zombie (Depths:1)
  9 swamp worms
  3 acid dragons
  A naga (shapeshifter) (D:14)
  8 water moccasins
  37 nagas
  9 orc warriors
  9 swamp drakes
  An ice beast (D:7)
  A boggart (Vaults:4)
  9 wolves
  8 centaurs
  3 ogres
  5 bullfrogs
  2 earth elementals
  7 killer bees
  An elephant simulacrum (Lair:5)
  2 hounds
  2 jellies (Lair:4)
  4 orc priests
  An iguana (Lair:5)
  4 orc wizards
  A polar bear simulacrum (Lair:5)
  A wolf simulacrum (Lair:2)
  An ogre zombie (D:9)
  4 gnolls
  A white imp (D:7)
  15 orcs
  2 ball pythons
  5 endoplasms (Lair:4)
  A goblin (D:4)
  A jackal (D:4)
  A frilled lizard (D:1)
  An orc zombie (D:9)
  A rat (D:3)
  An aspiring flesh (Zot:5)
1140 creatures vanquished.

Vanquished Creatures (others)
  2 juggernauts (Depths:1)
  2 golden dragons
  A sphinx (Depths:1)
  2 shadow dragons (Zot:5)
  6 storm dragons (Zot:5)
  A tengu reaver (Depths:1)
  A fenstrider witch (Swamp:4)
  A draconian shifter (Zot:5)
  A draconian monk (Zot:5)
  A deep elf sorcerer (Elf:3)
  2 juggernaut zombies (Depths:1)
  A frost giant (Vaults:5)
  2 ghost moths (Zot:5)
  2 vault wardens
  3 ironbound preservers
  A draconian annihilator (Zot:5)
  2 Killer Klown zombies (Zot:5)
  2 stone giants (Depths:1)
  3 ironbound thunderhulks
  2 green draconians (Zot:5)
  2 black draconians (Zot:5)
  A bunyip (Swamp:4)
  A white draconian (Zot:5)
  A yellow draconian (Zot:5)
  A quicksilver dragon zombie (Zot:5)
  An ettin (Vaults:5)
  A great orb of eyes (Vaults:4)
  A fire dragon (Depths:1)
  2 centaur warriors
  2 ironbound frosthearts
  An ice dragon (Depths:1)
  A catoblepas (D:12)
  A boulder beetle (Vaults:5)
  A sphinx zombie (Depths:1)
  A fenstrider witch zombie (Swamp:4)
  An ogre mage (D:9)
  11 Orb Guardian zombies (Zot:5)
  A tengu warrior (D:14)
  A deep troll earth mage (Depths:1)
  2 orc high priests (Orc:2)
  3 titan zombies (Vaults:5)
  An occultist (Depths:1)
  2 deep elf knights
  5 storm dragon zombies
  A skeletal warrior (D:13)
  3 golden dragon zombies
  A spark wasp zombie (Vaults:5)
  2 bunyip zombies (Swamp:4)
  2 ghost moth zombies (Zot:5)
  2 deep trolls (Vaults:2)
  A deep troll (shapeshifter) (Vaults:5)
  A shadow demon (Depths:2)
  2 anaconda zombies (Snake:4)
  6 ugly thing zombies (D:14)
  3 shadow dragon zombies
  An ironbound convoker (Vaults:5)
  A deep elf pyromancer (D:13)
  A necromancer (Depths:1)
  A goliath frog zombie (Swamp:1)
  2 alligator zombies
  An orc knight (Orc:2)
  5 fire giant zombies
  A wolf spider (D:14)
  2 wolf spider zombies
  3 draconian zombies
  2 eleionoma zombies
  4 frost giant zombies
  A manticore (D:14)
  5 stone giant zombies
  9 dire elephant zombies
  10 moths of wrath (Zot:5)
  A dwarf zombie (Elf:2)
  5 mana viper zombies
  3 vault sentinels
  A cane toad (Lair:2)
  3 green draconian zombies
  A white draconian zombie (Zot:1)
  2 yellow draconian zombies
  3 black draconian zombies
  5 spriggan zombies
  2 red draconian zombies
  4 iron troll zombies
  An unseen horror zombie (Elf:3)
  A tengu conjurer (D:13)
  A redback zombie (D:13)
  4 hydra zombies
  A great orb of eyes zombie (Vaults:5)
  A death drake zombie (Swamp:1)
  A bloated husk (Swamp:2)
  4 moth of wrath zombies
  2 ice dragon zombies
  A guardian serpent zombie (Snake:3)
  3 fire dragon zombies
  3 meliai zombies (Depths:2)
  3 slime creatures
  5 ettin zombies
  2 boulder beetle zombies
  17 black mamba zombies
  2 slime creature zombies (Vaults:1)
  A yak (IceCv)
  A basilisk (Lair:1)
  A tyrant leech zombie (Swamp:4)
  A redback (D:13)
  4 two-headed ogre zombies (Vaults:5)
  31 deep troll zombies
  8 tengu zombies
  48 human zombies
  2 entropy weaver zombies
  A water moccasin (Lair:2)
  4 cane toad zombies
  A nameless horror (Depths:1)
  3 orc warriors
  A swamp drake (Swamp:4)
  A manticore zombie (D:15)
  32 elf zombies
  An elephant zombie (Lair:3)
  An ice beast (D:13)
  A swamp dragon zombie (Swamp:4)
  A hornet zombie (Swamp:2)
  A lindwurm zombie (Vaults:2)
  6 dream sheep zombies (Lair:5)
  3 blink frog zombies (Lair:5)
  A centaur (D:13)
  A rime drake zombie (IceCv)
  6 salamander zombies
  4 komodo dragon zombies
  11 yaktaur zombies
  A bullfrog (Lair:2)
  2 hell hound zombies (D:15)
  5 water moccasin zombies
  2 troll zombies
  21 yak zombies
  A queen bee zombie (Depths:2)
  A killer bee (D:14)
  3 polar bear zombies (IceCv)
  6 wolf zombies
  11 centaur zombies
  A bullfrog zombie (Lair:2)
  A basilisk zombie (Lair:1)
  2 black bear zombies
  4 orc priests (Orc:2)
  A boggart zombie (Vaults:4)
  An orc wizard (Orc:2)
  8 killer bee zombies
  24 naga zombies
  8 ogre zombies
  5 hound zombies
  2 howler monkey zombies (D:10)
  An adder (D:13)
  3 swamp drake zombies (Swamp:4)
  An adder zombie (D:13)
  A jelly zombie (D:6)
  45 orc zombies
  A dart slug (D:14)
  5 orcs
  A ball python (D:13)
  A bat zombie (D:3)
  4 gnoll zombies
  A goblin (D:14)
  3 ball python zombies
  A bombardier beetle zombie (D:6)
  A dart slug zombie (D:14)
  A giant cockroach zombie (D:4)
  2 goblin zombies
  6 kobold zombies
  A rat (D:14)
  A rat zombie (D:14)
  14 foxfires
619 creatures vanquished.

Grand Total: 2778 creatures vanquished

Table legend: (Time is in decaauts)
 A = Elapsed time spent in this place.
 B = Non-inter-level travel time spent in this place.
 C = Inter-level travel time spent in this place.
 D = Time resting spent in this place.
 E = Time spent auto-exploring this place.
 F = Levels seen in this place.
 G = Mean time per level.
                   A        B        C        D        E       F      G
               +--------+--------+--------+--------+--------+-----+--------+
         Total |  69491 |  59403 |  10088 |   3871 |  38173 |  49 | 1418.2 |
       Dungeon |  18078 |  14311 |   3767 |    106 |  10675 |  15 | 1205.2 |
        Temple |     27 |     15 |     12 |      0 |      0 |   1 |   27.0 |
          Lair |   7824 |   6424 |   1400 |     76 |   4332 |   5 | 1564.8 |
         Swamp |   4120 |   3705 |    415 |     96 |   2765 |   4 | 1030.0 |
     Snake Pit |   6827 |   5935 |    892 |    219 |   4401 |   4 | 1706.8 |
  Orcish Mines |   2631 |   2344 |    287 |    115 |   1490 |   2 | 1315.5 |
   Elven Halls |   4562 |   4190 |    372 |    130 |   2980 |   3 | 1520.7 |
        Vaults |  12949 |  11579 |   1370 |   1121 |   6724 |   5 | 2589.8 |
        Depths |   6235 |   5620 |    615 |    472 |   3772 |   4 | 1558.8 |
           Zot |   5232 |   4278 |    954 |   1511 |    547 |   5 | 1046.4 |
      Ice Cave |   1000 |   1000 |      0 |     25 |    485 |   1 | 1000.0 |
               +--------+--------+--------+--------+--------+-----+--------+

Top non-repeatable levels by time:
Vaults:3: 2997 daAuts
Vaults:5: 2854 daAuts
Vaults:1: 2838 daAuts
   Zot:5: 2437 daAuts
 Snake:2: 2358 daAuts
  Lair:2: 2328 daAuts
Vaults:4: 2251 daAuts
   Elf:3: 2126 daAuts
   Orc:2: 2053 daAuts
 Snake:4: 2029 daAuts
Vaults:2: 2007 daAuts
Depths:2: 1985 daAuts
     D:9: 1851 daAuts
Depths:4: 1628 daAuts
  Lair:1: 1533 daAuts

Table legend:
 A = Non-vault XP
 B = Vault XP
 C = Vault XP percentage of total XP
 D = Non-vault monster count
 E = Vault monster count
 F = Vault count percentage of total count
                 A         B        C        D         E       F
            +---------+---------+-------+---------+---------+-------
      Total |  620178 |  651728 |  51.2 |    1225 |     921 |  42.9
            +---------+---------+-------+---------+---------+-------
        D:1 |      44 |       0 |   0.0 |      27 |       0 |   0.0
        D:2 |      35 |      77 |  68.8 |      15 |       4 |  21.1
        D:3 |     111 |      44 |  28.4 |      22 |       1 |   4.3
        D:4 |     372 |     586 |  61.2 |      29 |       1 |   3.3
        D:5 |     694 |     329 |  32.2 |      13 |       2 |  13.3
        D:6 |    1325 |     100 |   7.0 |      21 |       1 |   4.5
        D:7 |     816 |       0 |   0.0 |      12 |       0 |   0.0
        D:8 |     984 |       0 |   0.0 |      17 |       0 |   0.0
        D:9 |    2497 |    1907 |  43.3 |      40 |      38 |  48.7
       D:10 |    1443 |       0 |   0.0 |      14 |       0 |   0.0
       D:11 |    2842 |       0 |   0.0 |      11 |       0 |   0.0
       D:12 |    5787 |    4095 |  41.4 |      20 |       7 |  25.9
       D:13 |    7562 |       0 |   0.0 |      16 |       0 |   0.0
       D:14 |   10117 |    6852 |  40.4 |      16 |      10 |  38.5
       D:15 |   15926 |    7604 |  32.3 |      39 |      16 |  29.1
     Lair:1 |    8009 |    2124 |  21.0 |      33 |       9 |  21.4
     Lair:2 |    7678 |    8350 |  52.1 |      34 |      57 |  62.6
     Lair:3 |    9981 |       0 |   0.0 |      39 |       0 |   0.0
     Lair:4 |    4546 |    2522 |  35.7 |      19 |      16 |  45.7
     Lair:5 |   10520 |   14277 |  57.6 |      36 |      41 |  53.2
    Swamp:1 |   13544 |       0 |   0.0 |      22 |       0 |   0.0
    Swamp:2 |   11912 |       0 |   0.0 |      25 |       0 |   0.0
    Swamp:3 |   12572 |       0 |   0.0 |      19 |       0 |   0.0
    Swamp:4 |   16909 |   14957 |  46.9 |      26 |      25 |  49.0
    Snake:1 |   10421 |       0 |   0.0 |      19 |       0 |   0.0
    Snake:2 |   10515 |   30702 |  74.5 |      22 |      53 |  70.7
    Snake:3 |   12967 |    3525 |  21.4 |      26 |       3 |  10.3
    Snake:4 |   23966 |   36361 |  60.3 |      51 |      54 |  51.4
      Orc:1 |    1582 |       0 |   0.0 |      15 |       0 |   0.0
      Orc:2 |    3678 |    9374 |  71.8 |      30 |      65 |  68.4
      Elf:1 |   12754 |    6239 |  32.8 |      22 |      11 |  33.3
      Elf:2 |   10633 |   28318 |  72.7 |      19 |      45 |  70.3
      Elf:3 |   13392 |   34761 |  72.2 |      21 |      34 |  61.8
   Vaults:1 |   35179 |   13682 |  28.0 |      45 |      21 |  31.8
   Vaults:2 |   23600 |   30201 |  56.1 |      31 |      36 |  53.7
   Vaults:3 |   17911 |   43537 |  70.9 |      26 |      52 |  66.7
   Vaults:4 |   26626 |   33210 |  55.5 |      44 |      37 |  45.7
   Vaults:5 |   43095 |   98395 |  69.5 |      63 |      92 |  59.4
   Depths:1 |   25415 |   37569 |  59.6 |      33 |      30 |  47.6
   Depths:2 |   28189 |   22016 |  43.9 |      40 |      32 |  44.4
   Depths:3 |   22444 |   12466 |  35.7 |      25 |       5 |  16.7
   Depths:4 |   23484 |   22717 |  49.2 |      24 |      21 |  46.7
      Zot:1 |   17072 |    9814 |  36.5 |      15 |       9 |  37.5
      Zot:2 |    6412 |       0 |   0.0 |       5 |       0 |   0.0
      Zot:3 |    5422 |    3159 |  36.8 |       4 |       3 |  42.9
      Zot:4 |   52290 |       0 |   0.0 |      46 |       0 |   0.0
      Zot:5 |   46905 |   98611 |  67.8 |      34 |      42 |  55.3
      IceCv |       0 |   13247 | 100.0 |       0 |      48 | 100.0
            +---------+---------+-------+---------+---------+-------
